 Dungeon Sprint DCSS version 0.16-a0-3946-g4f19e5c (webtiles) character file.

93 PolkaDot the Insei (level 4, -8/40 HPs)
             Began as a Draconian Transmuter on Feb 9, 2015.
             Mangled by a water elemental (19 damage)
             ... in the Dungeon (Sprint III: "The Ten Rune Challenge").
             The game lasted 00:02:47 (472 turns).

PolkaDot the Insei (Draconian Transmuter)            Turns: 472, Time: 00:02:48

Health: -8/40      AC:  5    Str: 12    XL:     4   Next: 37%
Magic:  7/7        EV: 13    Int: 14    God:
Gold:   27         SH:  0    Dex: 12    Spells: 1 memorised, 6 levels left

rFire  . . .     SeeInvis .       - Unarmed
rCold  . . .     Clarity  .     (armour unavailable)
rNeg   . . .     SustAb   .     (no shield)
rPois  .         Gourm    .     (helmet restricted)
rElec  .         Spirit   .     (no cloak)
rCorr  .         Warding  .     (no gloves)
rMut   .         NoTele   +     (boots unavailable)
MR     .....                    (no amulet)
Stlth  +.........               (no ring)
                                c - ring of flight

@: appendage (expiring), very slightly contaminated, hasted, very quick, not
resistant to hostile enchantments, very unstealthy
A: unfitting armour, talons 3, cold-blooded, AC +5
a: End Transformation, Evoke Flight


You were in the Dungeon.
You were not hungry.
You had grown temporary talons.
You visited 1 branch You collected 27 gold pieces.

Inventory:

Missiles
 b - 12 arrows
Jewellery
 c - a ring of flight (left hand)
Scrolls
 j - 2 scrolls of blinking
Potions
 h - 2 potions of magic
 o - 2 potions of cure mutation {!q}
 p - 3 potions of flight
 r - a potion of brilliance
Books
 d - a book of Changes

   Spells                             Type                      Level
   a - Beastly Appendage              Transmutation                1
   b - Sticks to Snakes               Transmutation                2
   c - Spider Form                    Transmutation/Poison         3
   d - Ice Form                       Ice/Transmutation            4
   e - Blade Hands                    Transmutation                5
Comestibles
 a - a bread ration
 k - 2 chunks of flesh
 n - 5 fruits
 q - a meat ration


   Skills:
 + Level 4.1 Fighting
 - Level 3.9 Dodging
 * Level 6.3 Unarmed Combat
 - Level 2.0 Spellcasting
 + Level 4.2 Transmutations


You had 6 spell levels left.
You knew the following spells:

 Your Spells              Type           Power        Failure   Level  Hunger
a - Beastly Appendage     Trmt           ##....       4%          1    ##.....


Dungeon Overview and Level Annotations

Branches:
Dungeon (1/1)

Altars:


Innate Abilities, Weirdness & Mutations

Your plain brown scales are hard (AC +5).
Your body does not fit into most forms of armour.
Your cold-blooded metabolism reacts poorly to cold.
You have claws for feet.


Message History

The water elemental is moderately damaged.
You hit the water elemental.
The water elemental is heavily damaged.
The water elemental hits you!
* * * LOW HITPOINT WARNING * * *
The water elemental engulfs you in water!
With effort, you pull free of the water engulfing you.
You gasp with relief as air once again reaches your lungs.
You completely miss the water elemental.
The water elemental is heavily damaged.
You hit the water elemental but do no damage.
The water elemental is heavily damaged.
The water elemental barely misses you.
You hit the water elemental.
The water elemental is severely damaged.
Your transformation is almost over.
You completely miss the water elemental.
The water elemental is severely damaged.
The water elemental hits you!!
You die...

▓<..#...#### ##.#***********
▓...#......#####..#___*__,*__*
▓..##.......#..#..#,,,*,,,*,_*
▓##.##.##...#?.#..###+#+##*+**
##.##.###..##'#..#........,,*
▓#.####.##..###...'.⌠......,,*
▓.###..##..####..!#...#####*+*
▓#.....##..###....#.⌠.#__*,,,*
###..##.).##@E...#...#__*,,,*
##..##....#......#+###__*,,,*
#..###..##.#.....#,,,*__*,,,+
#(.# #..*####....#___*_,+,,,*
▓▓▓▓*▓▓▓****▓▓▓▓▓▓***********
*,,,+≈≈≈≈≈,≈≈≈**,,,,,****≈≈≈,
*,,,*≈≈≈≈≈≈≈≈≈**,≈≈≈≈+**+*≈≈≈
*,,,*≈≈≈≈,≈≈≈,,+,,,,,*,≈*****
*,,,*≈≈≈≈≈≈≈≈≈********,,**


You could see a water elemental.

Vanquished Creatures
  A scorpion (D)
  A human (D)
  Jessica (D)
  2 oozes (D)
  A rat (D)
6 creatures vanquished.

Vanquished Creatures (others)
  2 draconian scorchers (D)
  A yaktaur (D)
3 creatures vanquished.

Grand Total: 9 creatures vanquished

Notes
Turn   | Place    | Note
--------------------------------------------------------------
     0 | D        | PolkaDot, the Draconian Transmuter, began the quest for the Orb.
     0 | D        | Reached XP level 1. HP: 16/16 MP: 3/3
    67 | D        | Killed a yaktaur
   185 | D        | Noticed Jessica
   204 | D        | Killed Jessica
   204 | D        | Reached skill level 4 in Unarmed Combat
   204 | D        | Reached XP level 2. HP: 20/25 MP: 2/4
   264 | D        | Noticed a scorpion
   276 | D        | Killed a scorpion
   276 | D        | Reached skill level 6 in Unarmed Combat
   276 | D        | Reached XP level 3. HP: 15/33 MP: 4/6
   276 | D        | Reached XP level 4. HP: 18/40 MP: 4/7
   312 | D        | Killed a white draconian scorcher
   324 | D        | Killed a white draconian scorcher
   452 | D        | Noticed a water elemental
   472 | D        | Mangled by a water elemental

Action                   |  1- 3 |  4- 6 || total
-------------------------+-------+-------++-------
Melee: Unarmed           |    37 |    18 ||    55
 Cast: Beastly Appendage |     2 |     2 ||     4
  Use: Scroll            |       |     5 ||     5
       Potion            |       |     4 ||     4
